 Dungeon Crawl Stone Soup version 0.27-a0-1136-g0b992a5a9d (webtiles) character file.

Game seed: 17998738992283563025

127 Anon1729 the Chopper (level 4, 0/55 HPs)
             Began as a Demonspawn Berserker on May 4, 2021.
             Was a Believer of Trog.
             Killed by divine providence
             ... invoked by an orc priest
              (7 damage)
             ... on level 3 of the Dungeon.
             The game lasted 00:02:38 (3026 turns).

Anon1729 the Chopper (Demonspawn Berserker)         Turns: 3026, Time: 00:02:39

Health: 0/55       AC:  4    Str: 19    XL:     4   Next: 85%
Magic:  4/4        EV: 12    Int: 14    God:    Trog [**....]
Gold:   118        SH:  0    Dex: 12    Spells: 3/3 levels left

rFire    . . .     SeeInvis +   a - +0 hand axe
rCold    . . .     Faith    .   (no shield)
rNeg     . . .     Spirit   .   b - +0 animal skin
rPois    .         Reflect  .   (helmet restricted)
rElec    .         Harm     .   (no cloak)
rCorr    .         Rampage  .   (no gloves)
Will     ++...                  (no boots)
Stlth    ..........             (no amulet)
HPRegen  1.18/turn              g - +6 ring of intelligence
MPRegen  0.09/turn              h - ring of see invisible

@: berserking, lethally poisoned (0 -> -2), strong-willed, regenerating, very
quick
A: antennae 1, molten scales 1
a: Renounce Religion, Berserk, Trog's Hand


You were on level 3 of the Dungeon.
You worshipped Trog.
Trog was pleased with you.
You visited 1 branch of the dungeon, and saw 3 of its levels.

You collected 118 gold pieces.

Inventory:

Hand Weapons
 a - a +0 hand axe (weapon)
Armour
 b - a +0 animal skin (worn)
Jewellery
 g - a +6 ring of intelligence (left hand)
 h - a ring of see invisible (right hand)
Scrolls
 c - a scroll of brand weapon {unknown}
 d - 2 scrolls of identify {unknown}
 i - a scroll of acquirement {unknown}
Potions
 e - a potion of heal wounds
 f - a potion of attraction {unknown}


   Skills:
 + Level 4.0 Fighting
 * Level 4.5 Axes
 - Level 1.7 Armour
 - Level 1.7 Dodging


You had 3 spell levels left.
You didn't know any spells.
Your spell library was empty.

Dungeon Overview and Level Annotations

Branches:
Dungeon (3/15)

Altars:


Innate Abilities, Weirdness & Mutations

You have a pair of small antennae on your head.
You are partially covered in molten scales. (AC +2)


Message History

You feel very sick.
* * * LOW HITPOINT WARNING * * *
You feel very sick.
It was a potion of heal wounds.
You feel much better.
You feel sick.
The orc hits you with a +1 dagger of venom.
You are more poisoned.
A red film seems to cover your vision as you go berserk!
You feel yourself moving faster!
You feel mighty!
You feel very sick.
The orc hits you with a +1 dagger of venom.
You are more poisoned.
The orc priest misses you.
You hit the orc.
The orc is heavily wounded.
You feel very sick.
You hit the orc.
The orc is severely wounded.
You feel very sick.
The orc priest hits you from afar with a +0 trident.
* * * LOW HITPOINT WARNING * * *
You closely miss the orc.
The orc is severely wounded.
You hit the orc.
You kill the orc!
Trog accepts your kill.
You feel very sick. The orc hits you but does no damage.
The orc priest closely misses you.
You hit the orc.
You kill the orc!
Trog accepts your kill.
You feel sick. The orc priest barely misses you.
You feel sick.
Things that are here:
a +0 flail; an orc corpse You hit the orc priest.
The orc priest is moderately wounded.
You feel sick.
The orc priest mumbles some strange prayers to Beogh against you.
Beogh smites you!
You die...

#####........#
###.....###...##
#...#####...###
###.### #...###
....# ###.###
#### ##### #...#
...# ####.###
####...#
####....#
#.oo...#
#....####
##@##...# #.####
#.)# ...# #.#
#### ##†## #.##
#.#######..###..#
.#
..##....:......##
.#
.#...#####...###
# ...### #...#.#
.### #.###.# ##
#####.# #.#


You could see an orc priest and an orc.

Vanquished Creatures
  Natasha (twice) (D:2)
  An adder (D:3)
  2 worms (D:2)
  A dart slug (D:3)
  3 orcs (D:3)
  6 ball pythons
  6 endoplasms
  5 goblins
  4 hobgoblins (D:2)
  8 jackals (D:1)
  2 quokkas (D:2)
  3 bats
  2 frilled lizards
  2 kobolds
  4 rats
51 creatures vanquished.

Notes
Turn   | Place    | Note
-------+----------+-------------------------------------------
     0 | D:1      | Anon1729 the Demonspawn Berserker began the quest for the
                  | Orb.
     0 | D:1      | Reached XP level 1. HP: 18/18 MP: 1/1
   260 | D:1      | Gained mutation: You are partially covered in molten
                  | scales. (AC +2) [demonic ancestry]
   260 | D:1      | Reached XP level 2. HP: 8/24 MP: 2/2
   581 | D:1      | Found a faded altar of an unknown god.
  1512 | D:2      | Reached XP level 3. HP: 26/29 MP: 3/3
  1931 | D:2      | Noticed Natasha
  1932 | D:2      | Reached ** piety under Trog
  1945 | D:2      | Killed Natasha
  2059 | D:2      | Gained mutation: You have a pair of small antennae on your
                  | head. [demonic ancestry]
  2059 | D:2      | Reached XP level 4. HP: 37/37 MP: 4/4
  2074 | D:2      | Noticed Natasha
  2086 | D:2      | Killed Natasha
  3026 | D:3      | Killed from afar by an orc priest

Illustrated notes

Levels and vault maps discovered:
D:1:      dpeg_arrival_erosion, layout_basic,
          shapermc_ecumenical_altar_hornbeckon, minmay_misc_feat_tower,
          minmay_misc_feat_x
D:2:      layout_basic, uniq_natasha
D:3:      layout_rooms

Skill      XL: |  1  2  3  4 |
---------------+-------------+-----
Axes           | 3 4 |  4.5
Fighting       | 4 |  4.0
Armour         | |  1.7
Dodging        | |  1.7

Action                   |  1- 3 |  4- 6 || total
-------------------------+-------+-------++-------
Melee: Hand axe          |   100 |    54 ||   154
       Unarmed           |       |     3 ||     3
Invok: Berserk           |     3 |     1 ||     4
       Trog's Hand       |       |     1 ||     1
  Use: Potion            |       |     1 ||     1
 Stab: Sleeping          |       |     2 ||     2
Armor: Animal skin       |    29 |     7 ||    36
       Skin              |     4 |       ||     4
Dodge: Dodged            |    85 |    30 ||   115

Table legend: (Time is in decaauts)
 A = Elapsed time spent in this place.
 B = Non-inter-level travel time spent in this place.
 C = Inter-level travel time spent in this place.
 D = Time resting spent in this place.
 E = Time spent auto-exploring this place.
 F = Levels seen in this place.
 G = Mean time per level.
                   A        B        C        D        E       F      G
               +--------+--------+--------+--------+--------+-----+--------+
         Total |   3084 |   3020 |     64 |    299 |   2344 |   3 | 1028.0 |
       Dungeon |   3084 |   3020 |     64 |    299 |   2344 |   3 | 1028.0 |
               +--------+--------+--------+--------+--------+-----+--------+

Top non-repeatable levels by time:
     D:2: 1379 daAuts
     D:1: 1307 daAuts
     D:3: 397 daAuts
